Map: Overgrown Facility

Players

WWCF - Winner!

  • Race: Protoss Protoss
  • League: Diamond
  • Spawn Location: 1:00

NAVTEL - Winner!

  • Race: Terran Terran
  • League: Diamond
  • Spawn Location: 3:00

MonstroTown

  • Race: Terran Terran
  • Spawn Location: 7:00

Michael

  • Race: Zerg Zerg
  • League: Gold
  • Spawn Location: 9:00

VOD

Have the link to the VOD?

Description

Time

  • Played on: Sept. 9, 2018, 7:23 p.m.
  • Length: 15:31
Show
View Real Time Build Order
Export as new Build Order

WWCF Protoss - Winner!

Build Orders:  

Get SALT Encoding   

  12  0:01  Probe  
  13  0:13  Probe  
  14  0:21  Pylon  
  14  0:25  Probe  
  15  0:39  Probe  
  16  0:43  Gateway  
  16  0:48  Assimilator  
  16  0:52  Assimilator  
  16  0:56  Probe  
  17  1:05  Probe  
  18  1:13  Probe  
  19  1:23  Probe  
  20  1:33  Probe  
  20  1:36  Cybernetics Core  
  21  1:40  Pylon  
  21  1:41  Probe  
  22  1:50  Probe  
  23  2:01  Probe  
  24  2:14  Stalker  
  24  2:17  Nexus  
  26  2:35  Probe  
  26  2:36  Warp Gate  
  27  2:47  Probe  
  27  2:49  Stalker  
  30  2:56  Pylon  
  30  3:00  Pylon  
  30  3:02  Probe  
  31  3:14  Probe  
  34  3:20  Sentry  
  34  3:21  Stargate  
  34  3:28  Stargate  
  34  3:34  Probe  
  34  3:35  Probe  
  34  3:40  Shield Battery  
  36  3:49  Forge  
  36  3:56  Probe  
  36  3:58  Assimilator  
  36  4:00  Assimilator, Phoenix  
  36  4:02  Probe  
  38  4:06  Phoenix  
  42  4:18  Probe  
  42  4:19  Probe  
  44  4:30  Probe  
  45  4:31  Probe, Pylon  
  45  4:32  Phoenix  
  46  4:42  Probe  
  46  4:44  Probe  
  50  4:47  Phoenix  
  52  4:54  Probe  
  52  4:56  Probe  
  54  5:03  Photon Cannon  
  54  5:04  Protoss Air Weapons Level 1  
  54  5:08  Probe  
  54  5:09  Probe  
  56  5:14  Phoenix  
  56  5:20  Probe  
  56  5:21  Probe  
  60  5:23  Phoenix  
  62  5:33  Phoenix  
  62  5:39  Pylon  
  64  5:44  Pylon  
  64  5:45  Phoenix  
  66  5:56  Pylon  
  66  5:57  Phoenix  
  66  6:01  Probe  
  66  6:02  Probe  
  66  6:03  Phoenix  
  72  6:13  Probe  
  72  6:15  Probe  
  74  6:22  Protoss Shields Level 1, Phoenix  
  74  6:25  Probe  
  77  6:27  Probe, Twilight Council  
  77  6:28  Phoenix  
  80  6:39  Pylon  
  80  6:43  Pylon  
  80  6:48  Phoenix  
  80  6:53  Phoenix  
  80  7:28  Void Ray x2  
  88  7:41  Nexus  
  88  7:42  Assimilator  
  88  7:45  Pylon  
  88  7:46  Assimilator  
  88  7:48  Probe x2, Pylon  
  90  7:53  Pylon  
  90  7:55  Pylon  
  90  7:57  Charge  
  90  8:00  Probe x2, Robotics Facility  
  90  8:03  Pylon, Robotics Facility  
  92  8:08  Pylon  
  92  8:13  Templar Archives  
  92  8:22  Probe x2  
  95  8:34  Probe x2  
  95  8:40  Photon Cannon  
  96  8:41  Shield Battery  
  96  8:43  Shield Battery  
  96  8:46  Probe x2  
  68  9:17  Zealot  
  68  9:18  Immortal x2  
  75  9:30  Probe x2  
  77  9:31  Probe  
  77  9:37  Pylon, Blink  
  78  9:39  Photon Cannon  
  78  9:40  Photon Cannon  
  78  9:42  Shield Battery, Probe x2  
  78  9:43  Probe  
  81  9:52  Pylon  
  81  9:54  Probe x2, Robotics Bay  
  81  9:56  Probe, Nexus  
  81  9:58  Pylon  
  84  10:02  Assimilator  
  84  10:04  Assimilator  
  84  10:06  Probe x2  
  81  10:16  Immortal  
  81  10:17  Immortal  
  84  10:26  Probe x3  
  87  10:33  Extended Thermal Lance  
  87  10:38  Probe x2  
  89  10:45  Gateway  
  89  10:46  Gateway  
  89  10:52  Zealot  
  89  10:55  Void Ray x2  
  99  10:57  Protoss Ground Weapons Level 1  
  99  10:59  Forge  
  99  11:02  Observer x2, Forge  
  101  11:08  Probe  
  101  11:09  Probe x2  
  101  11:10  Probe  
  105  11:18  Gateway  
  105  11:20  Probe, Gateway  
  105  11:21  Probe  
  105  11:22  Warp Prism  
  109  11:30  Gateway  
  109  11:43  Gateway  
  109  11:46  Protoss Ground Armor Level 1  
  109  11:47  Protoss Shields Level 2  
  109  11:48  Gateway  
  109  11:50  Resonating Glaives, Gateway x2  
  109  12:04  Gateway  
  109  12:07  Probe x3  
  112  12:09  Probe, Gateway  
  112  12:12  Photon Cannon  
  112  12:13  Gravitic Boosters  
  113  12:17  Photon Cannon  
  113  12:19  Probe  
  114  12:30  Fleet Beacon  
  114  12:39  Cybernetics Core  
  114  12:42  Photon Cannon  
  114  12:52  Zealot x5  
  114  12:53  Stalker  
  114  12:55  Colossus  
  114  12:58  Colossus  
  132  13:02  Stalker x4  
  146  13:10  Gravitic Drive  
  134  13:27  Stalker x4  
  134  13:28  Stalker x2  
  126  13:38  Void Ray x2  
  130  13:45  Stalker x5  
  130  13:46  Stalker x2  
  130  13:47  Stalker x3  
  146  13:50  Immortal  
  146  13:52  Immortal  
  147  14:09  Gateway  
  147  14:10  Gateway  
  147  14:21  Void Ray x2  
  155  14:27  Stalker  
  155  14:28  Warp Prism, Stalker x4  
  155  14:29  High Templar  
  155  14:30  Colossus, High Templar x2  
  173  14:31  High Templar  
  173  14:32  Zealot  
  173  14:35  Archon  
  173  14:37  Archon  
  191  15:05  Observer  
  192  15:10  High Templar x3  
  192  15:11  High Templar  
  200  15:16  Archon x2  
Show
View Real Time Build Order
Export as new Build Order

NAVTEL Terran - Winner!

Build Orders: MMM Bio 

Get SALT Encoding   

  12  0:05  SCV  
  13  0:16  Supply Depot  
  13  0:24  SCV  
  14  0:36  SCV  
  14  0:38  Barracks  
  15  0:48  SCV  
  16  1:01  Refinery  
  16  1:05  SCV  
  17  1:17  SCV  
  18  1:28  Marine  
  20  1:34  Orbital Command  
  19  1:43  Command Center  
  19  1:47  Marine  
  20  1:59  Supply Depot  
  20  2:08  Factory  
  20  2:10  SCV  
  21  2:15  Marine  
  22  2:26  Barracks  
  21  2:42  Barracks Reactor  
  21  2:48  SCV  
  21  2:50  Refinery  
  22  3:01  SCV  
  23  3:06  Starport, SCV  
  23  3:07  Factory Tech Lab  
  24  3:13  SCV  
  24  3:18  Orbital Command  
  25  3:20  Marine x2  
  28  3:27  SCV  
  28  3:39  SCV, Marine  
  28  3:40  Marine  
  31  3:44  Factory Reactor, Supply Depot  
  31  3:46  SCV  
  32  3:51  SCV  
  33  3:57  Marine  
  33  3:58  SCV  
  33  4:00  Stimpack, Medivac  
  37  4:03  SCV  
  38  4:10  Marine  
  38  4:11  SCV  
  38  4:15  SCV  
  41  4:23  Widow Mine x2, Marine x2  
  47  4:32  Medivac  
  47  4:33  SCV  
  47  4:36  Supply Depot  
  50  4:39  Marine  
  50  4:40  Supply Depot  
  50  4:41  Marine  
  50  4:45  Engineering Bay, SCV  
  53  4:46  Barracks  
  53  4:53  Marine  
  53  4:57  Marine  
  53  4:58  SCV x2  
  57  5:06  Engineering Bay  
  57  5:10  SCV x2  
  59  5:21  Factory Tech Lab  
  59  5:22  SCV x2  
  61  5:31  Medivac x2  
  61  5:33  Terran Infantry Armor Level 1  
  61  5:34  SCV  
  66  5:36  Missile Turret  
  66  5:40  Refinery  
  66  6:03  Command Center  
  66  6:04  SCV x2  
  68  6:05  Marine x2  
  68  6:06  Combat Shield  
  70  6:12  Supply Depot x2  
  70  6:16  Barracks  
  70  6:17  Barracks  
  70  6:25  Refinery  
  70  6:28  Terran Infantry Weapons Level 1  
  70  6:29  Missile Turret  
  70  6:33  Siege Tank, Marine x2  
  75  6:53  Marauder, Marine x3  
  75  7:11  Marine  
  75  7:15  Marauder  
  75  7:16  Marine x2  
  75  7:19  Barracks Tech Lab, Barracks Reactor  
  75  7:23  Orbital Command  
  75  7:24  SCV x2  
  75  7:28  Marine  
  78  7:34  Marine x2  
  78  7:36  Marauder, SCV x2  
  83  7:41  Marine  
  83  7:43  Medivac  
  83  7:46  Marine  
  83  7:48  SCV x2  
  84  7:52  Marine x2  
  84  7:56  Siege Tank  
  84  7:58  Marauder  
  91  7:59  Marauder  
  91  8:00  Supply Depot, SCV x2  
  91  8:01  Supply Depot  
  91  8:04  Marine  
  96  8:07  Medivac  
  96  8:11  Supply Depot  
  98  8:13  Medivac  
  98  8:14  Armory, Concussive Shells  
  100  8:22  Marauder x2  
  99  8:28  Siege Tank  
  76  8:44  Marauder x2, Marine  
  76  8:45  Marine x2  
  76  8:48  Marine x2  
  81  8:53  Refinery  
  81  8:55  Refinery  
  83  9:00  Siege Tank  
  83  9:02  Marine  
  86  9:03  Marine x2  
  86  9:05  Marauder x2  
  86  9:06  Marine x2  
  95  9:20  Marine x3  
  95  9:24  Marine x2  
  96  9:26  Marauder x2  
  101  9:31  Terran Infantry Weapons Level 2  
  101  9:34  Terran Infantry Armor Level 2  
  101  9:38  Marine x3  
  101  9:40  Factory  
  101  9:41  SCV x3, Marine  
  101  9:42  Marine  
  101  9:43  Barracks x2  
  109  9:48  Marauder x2, Command Center  
  113  9:53  SCV x2  
  113  9:55  Siege Tank  
  113  9:56  Marine x3  
  113  9:59  Marine x2  
  123  10:09  Marauder  
  123  10:11  Marauder  
  123  10:14  Marine x3  
  124  10:17  Marine  
  125  10:39  Marine x7  
  125  10:41  Supply Depot x3  
  125  10:42  Supply Depot  
  132  10:43  Barracks Tech Lab  
  132  10:44  Barracks Tech Lab  
  132  10:45  SCV x3  
  132  10:47  Supply Depot  
  132  10:48  Factory Tech Lab  
  135  10:55  Supply Depot  
  135  10:56  Marine x2  
  141  10:57  Marauder x2  
  141  11:00  Marine x3, Medivac x2  
  148  11:14  Marine x2  
  148  11:17  Marine x3  
  157  11:18  Marauder x2  
  157  11:30  Medivac x2  
  158  11:38  Marine x4  
  158  11:39  Marauder x2, Marine  
  166  11:40  Marauder x2  
  163  11:56  Marine x5  
  163  12:00  Marauder x2  
  170  12:01  Marauder x2  
  168  12:14  Marine x5  
  171  12:21  Marauder  
  171  12:22  Marauder x3  
  162  12:31  Marine  
  162  12:32  Marine x4  
  161  12:41  Orbital Command  
  161  12:43  Marauder x2, Refinery  
  163  12:44  Marauder x2  
  163  12:49  Marine x2  
  163  12:50  Terran Infantry Weapons Level 3, Marine x3  
  163  13:04  Marauder x2  
  163  13:05  Marauder x2  
  171  13:07  Marine x4  
  171  13:19  Marine  
  172  13:25  Marauder, Marine x4  
  172  13:26  Marauder  
  172  13:27  Marauder x2  
  176  13:36  Marine  
  172  13:43  Marine  
  172  13:45  Siege Tank x2  
  172  13:47  Marauder x2  
  172  13:48  Marauder x2  
  181  14:17  Siege Tank x2  
  185  14:26  Medivac x2  
  187  14:49  Siege Tank  
  190  14:56  Medivac x2  
Show
View Real Time Build Order
Export as new Build Order

MonstroTown Terran 

Build Orders: Reaper Expand 

Get SALT Encoding   

  12  0:01  SCV  
  13  0:20  Supply Depot  
  13  0:27  SCV  
  14  0:39  SCV  
  15  0:43  Barracks  
  15  0:49  Refinery  
  15  0:51  SCV  
  16  1:03  SCV  
  17  1:16  SCV  
  18  1:31  Orbital Command  
  18  1:33  Reaper  
  19  1:49  Command Center  
  19  1:58  SCV  
  20  2:06  Barracks Reactor  
  20  2:10  Refinery, SCV  
  21  2:17  Supply Depot  
  21  2:22  SCV  
  22  2:34  SCV  
  22  2:46  SCV  
  23  2:53  Factory, Barracks  
  23  2:55  Marine x2  
  25  2:58  SCV  
  27  3:06  Orbital Command  
  26  3:17  SCV  
  26  3:19  Engineering Bay, Marine  
  28  3:22  Marine  
  29  3:29  SCV  
  29  3:33  SCV  
  31  3:40  Starport  
  31  3:41  SCV  
  31  3:42  Barracks Tech Lab  
  31  3:47  Cyclone  
  35  3:49  Marine  
  35  3:50  Marine  
  35  3:51  SCV  
  38  4:00  SCV  
  39  4:03  SCV  
  39  4:04  Stimpack, Supply Depot  
  39  4:06  Marine  
  39  4:07  Marine  
  39  4:08  Marine  
  43  4:18  SCV x2  
  43  4:20  Refinery  
  45  4:29  Factory Tech Lab  
  45  4:30  SCV  
  46  4:33  Viking  
  48  4:39  Supply Depot  
  48  4:45  SCV x2  
  50  4:52  Siege Tank  
  53  4:57  SCV  
  54  5:01  SCV  
  54  5:02  Supply Depot  
  55  5:12  SCV  
  56  5:15  SCV, Marine x2  
  56  5:16  Marauder  
  56  5:17  Starport Tech Lab  
  56  5:19  Terran Infantry Weapons Level 1  
  61  5:22  Engineering Bay  
  61  5:24  SCV  
  61  5:25  Armory  
  61  5:37  Supply Depot, Marine x2  
  61  5:38  Marauder  
  61  5:39  Siege Tank  
  68  5:44  SCV  
  68  5:45  Refinery, SCV  
  64  6:08  Terran Infantry Armor Level 1  
  64  6:33  Missile Turret  
  64  6:34  SCV x2  
  64  6:35  Marine x2  
  64  6:37  Missile Turret  
  64  6:38  Command Center  
  68  6:40  Marine  
  68  6:41  Command Center  
  68  6:46  Terran Vehicle Weapons Level 1  
  69  6:47  SCV  
  69  6:48  SCV  
  69  6:53  Marine  
  72  7:15  Marine x2  
  68  7:16  Marine  
  68  7:17  Siege Tank  
  74  7:25  Barracks x2  
  74  7:28  Starport, Fusion Core  
  74  7:33  SCV  
  75  7:40  Supply Depot  
  75  7:45  Viking  
  75  7:46  Marine  
  75  7:47  Marine  
  75  7:49  Widow Mine  
  81  8:04  Marine x2  
  83  8:08  Terran Infantry Weapons Level 2  
  83  8:12  Starport Reactor  
  83  8:15  Advanced Ballistics  
  83  8:22  Barracks Reactor x2  
  83  8:24  Liberator  
  67  8:36  Marine x3  
  73  8:54  Marauder, Marine x2  
  75  9:00  Liberator x2  
  71  9:06  Marine  
  71  9:07  Marine x3  
  67  9:11  Marine  
  67  9:12  Marine  
  67  9:15  Marine  
  67  9:24  Refinery, Orbital Command, Marine x2  
  62  9:32  Marine  
  62  9:33  Marine x4  
  67  9:44  SCV x2  
  69  9:48  Orbital Command  
  69  9:56  SCV x2  
  69  9:57  Terran Ship Weapons Level 1  
  71  10:12  Liberator  
  71  10:13  Liberator x2  
  57  10:31  Marine x4  
  57  10:32  Marine x3  
  70  10:37  Barracks  
  70  10:43  Thor  
  70  10:49  Marine  
  77  10:52  Marine x2  
  77  10:53  Marine x3  
  82  10:59  Liberator x2  
  82  11:01  Barracks  
  82  11:02  Barracks x2  
  82  11:04  Barracks  
  82  11:06  Supply Depot  
  66  11:37  Marine  
  66  11:38  Marine x5  
  66  11:39  Marine x2  
  67  11:44  Liberator  
  57  11:54  Marine x2  
  57  11:55  Marine x4  
  57  11:56  Marine x4  
  57  11:58  Terran Ship Weapons Level 2  
  68  12:21  Barracks Tech Lab, Barracks Reactor  
  59  12:34  Liberator x2  
  59  12:35  Marine x4  
  59  12:36  Marine  
  64  12:43  Factory  
  63  12:46  Barracks  
  63  12:47  Barracks x2  
  63  12:49  Barracks  
  66  12:52  Barracks Tech Lab  
  66  12:53  Barracks Reactor x2  
  61  13:25  Marine  
  61  13:26  Marauder x2, Marine  
  64  13:38  Marine x4  
  64  13:39  Marine x2  
  63  13:45  Marine x4  
  63  13:46  Marine  
  58  14:00  Marine x4  
  58  14:01  Marine x2  
  58  14:02  Marine  
  55  14:20  Marine x5  
  55  14:21  Marine  
  61  14:26  Marine x4  
  62  14:36  Marine x5  
  62  14:37  Medivac x2  
  60  14:46  Marine x3  
  62  15:01  Marine  
  62  15:02  Marine  
  62  15:03  Marine x2  
  62  15:04  Marine  
Show
View Real Time Build Order
Export as new Build Order

Michael Zerg 

Build Orders: Hatch First 

Get SALT Encoding   

  12  0:01  Drone  
  13  0:13  Overlord  
  13  0:18  Drone  
  14  0:31  Drone x2  
  14  0:35  Drone  
  17  0:45  Drone  
  18  0:58  Hatchery  
  18  1:00  Drone  
  18  1:06  Extractor  
  17  1:16  Spawning Pool  
  16  1:18  Drone  
  16  1:21  Drone  
  18  1:28  Drone  
  19  1:39  Drone  
  20  1:49  Overlord  
  20  2:14  Drone x3  
  23  2:19  Hatchery  
  23  2:20  Metabolic Boost  
  22  2:27  Queen  
  23  2:37  Queen  
  23  2:43  Drone x2  
  27  2:47  Drone  
  27  2:49  Drone  
  29  2:52  Drone  
  29  2:55  Drone  
  31  2:59  Drone  
  31  3:04  Overlord  
  32  3:08  Drone  
  32  3:10  Drone  
  34  3:22  Roach Warren  
  34  3:24  Lair  
  33  3:29  Queen  
  33  3:32  Drone  
  33  3:34  Drone  
  37  3:36  Drone  
  37  3:38  Drone  
  37  3:40  Drone  
  40  3:46  Queen  
  42  3:49  Drone  
  42  3:52  Drone x2  
  42  3:55  Drone  
  46  4:00  Extractor, Drone x2  
  46  4:01  Drone  
  48  4:03  Drone  
  48  4:05  Drone  
  50  4:21  Glial Reconstitution  
  50  4:29  Overlord x3  
  50  4:39  Spire  
  50  4:41  Spore Crawler  
  50  4:43  Spore Crawler  
  50  4:44  Spine Crawler  
  46  4:46  Spine Crawler  
  46  4:47  Drone x9  
  46  4:48  Spore Crawler, Drone  
  54  5:03  Extractor  
  54  5:04  Extractor  
  54  5:06  Spore Crawler  
  51  5:08  Spore Crawler  
  51  5:09  Spine Crawler  
  51  5:10  Drone x2  
  51  5:12  Drone  
  51  5:13  Drone x4  
  56  5:24  Spore Crawler  
  56  5:25  Spore Crawler x2  
  56  5:27  Spine Crawler  
  52  5:32  Spine Crawler  
  51  5:37  Drone x10  
  51  5:38  Infestation Pit  
  60  5:43  Extractor  
  60  5:45  Extractor, Drone  
  60  5:46  Drone x3  
  62  6:00  Spore Crawler  
  62  6:02  Spine Crawler  
  60  6:15  Hive  
  60  6:22  Hydralisk Den  
  60  6:25  Evolution Chamber  
  58  6:27  Evolution Chamber  
  57  6:33  Roach  
  57  6:34  Roach x7  
  57  6:36  Overlord x4  
  57  6:39  Overlord  
  73  6:53  Queen x2  
  75  7:01  Hydralisk x3  
  75  7:03  Hydralisk  
  75  7:06  Hydralisk  
  85  7:13  Hydralisk x2  
  85  7:15  Hydralisk  
  91  7:26  Hydralisk x4  
  91  7:29  Queen  
  93  7:30  Hydralisk  
  93  7:32  Hydralisk  
  92  7:44  Adrenal Glands  
  90  7:54  Hydralisk x4  
  98  8:18  Hatchery  
  97  8:22  Overlord x6  
  97  8:23  Overlord  
  87  8:42  Hydralisk  
  87  8:43  Hydralisk x5  
  87  8:47  Muscular Augments  
  99  8:50  Zerg Missile Weapons Level 1  
  99  8:53  Zerg Ground Armor Level 1  
  83  9:03  Hydralisk x2  
  83  9:04  Hydralisk  
  83  9:05  Hydralisk  
  85  9:12  Hydralisk x2  
  85  9:17  Hydralisk  
  87  9:26  Drone x6  
  87  9:27  Drone  
  87  9:28  Drone  
  89  9:57  Hydralisk x9  
  89  9:59  Hydralisk  
  89  10:22  Hydralisk x8  
  89  10:23  Hydralisk  
  107  10:42  Queen  
  109  10:46  Zerg Missile Weapons Level 2  
  109  10:48  Zerg Ground Armor Level 2  
  109  10:51  Greater Spire  
  109  10:53  Hydralisk x2  
  109  10:55  Hydralisk  
  115  10:57  Zergling x8  
  115  10:58  Zergling x8  
  123  11:30  Corruptor x2  
  123  11:32  Spire  
  126  11:33  Zergling x28  
  141  11:40  Zergling x6  
  93  12:04  Hydralisk x10  
  93  12:05  Hydralisk  
  107  12:12  Hydralisk x2  
  107  12:14  Zergling x2  
  104  12:41  Hydralisk x7  
  104  12:42  Hydralisk  
  108  13:01  Roach x10  
  118  13:15  Hydralisk x4  
  122  13:20  Hydralisk  
  118  13:29  Hydralisk  
  118  13:30  Hydralisk x2  
  96  13:36  Roach x3  
  96  13:40  Zergling x10  
  87  13:41  Zergling x2  
  67  13:57  Hydralisk x3  
  67  13:58  Hydralisk  
  67  14:02  Zergling x4  
  66  14:08  Hydralisk  
  32  14:38  Mutalisk  
  32  14:39  Mutalisk x2  
Tags
 
Add a new tag
Caveats
  • Supply blocks, unpowered buildings, or Contaminate may cause inaccurate times.
  • Supply counts are checked every 10 seconds.